 Dungeon Crawl Stone Soup version 0.26-b1-32-g5d43845318 (webtiles) character file.

Game seed: 12601758241234783863

25 Aviak the Skirmisher (level 3, 0/23 HPs)
             Began as a Tengu Abyssal Knight on Jan 12, 2021.
             Was a Follower of Lugonu.
             Succumbed to a worker ant's poison
             ... on level 2 of the Dungeon.
             The game lasted 00:01:00 (1240 turns).

Aviak the Skirmisher (Tengu Abyssal Knight)         Turns: 1240, Time: 00:01:01

Health: 0/23       AC:  7    Str: 12    XL:     3   Next: 6%
Magic:  5/5        EV: 11    Int: 12    God:    Lugonu [*.....]
Gold:   42         SH:  0    Dex: 14    Spells: 2/2 levels left

rFire    . . .     SeeInvis .   a - +1 spear
rCold    . . .     Faith    .   (no shield)
rNeg     . . .     Spirit   .   i - +0 ring mail
rPois    .         Reflect  .   f - +1 hat
rElec    .         Harm     .   (no cloak)
rCorr    .         Rampage  .   e - +0 pair of gloves (curse)
Will     .....                  (boots unavailable)
Stlth    +.........             (no amulet)
HPRegen  0.07/turn              (no ring)
MPRegen  0.09/turn              (no ring)

@: mighty, lethally poisoned (0 -> -8)
A: beak, talons 3
a: Renounce Religion, Depart the Abyss


You were on level 2 of the Dungeon.
You worshipped Lugonu.
Lugonu was aware of your devotion.
You visited 1 branch of the dungeon, and saw 2 of its levels.
You visited the Abyss 1 time.

You collected 42 gold pieces.

Inventory:

Hand Weapons
 a - a +1 spear (weapon)
Armour
 b - a +0 leather armour
 e - a cursed +0 pair of gloves (worn)
 f - a +1 hat (worn)
 i - a +0 ring mail (worn)
Scrolls
 c - 2 scrolls of teleportation {unknown}
 d - a scroll of remove curse {unknown}
Potions
 g - a potion of curing {unknown}
 h - a potion of might


   Skills:
 + Level 3.4 Fighting
 + Level 2.8 Polearms
 - Level 2.1 Armour
 + Level 2.0 Dodging
 - Level 1.5 Invocations


You had 2 spell levels left.
You didn't know any spells.
Your spell library was empty.

Dungeon Overview and Level Annotations

Branches:
Dungeon (2/15)

Altars:


Innate Abilities, Weirdness & Mutations

You have a beak for a mouth.
You have claws for feet.


Message History

The worker ant is heavily wounded.
The worker ant bites you. The hobgoblin closely misses you.
You hit the worker ant. You claw the worker ant.
The worker ant is almost dead.
The worker ant closely misses you. The hobgoblin closely misses you.
You barely miss the worker ant. Your kick misses the worker ant.
The worker ant is almost dead.
The worker ant bites you. The hobgoblin misses you. The worker ant bites you.
You are lethally poisoned!
The worker ant poisons you!
Your ring mail prevents you from hitting the worker ant.
The worker ant is almost dead.
* * * LOW HITPOINT WARNING * * *
You feel sick.
The hobgoblin hits you but does no damage.
The worker ant bites you.
* * * LOW HITPOINT WARNING * * *
It was a potion of might.
You feel very mighty all of a sudden.
You die...

.#.......#
...#####.#
...#####.#
[.....#(#
........+
.####.#(#
##+####.#.#
#....g..#(##+#
#....B@..)$..#
.....#####.#...#
>.. .(....... .
###.#.### .#.# #
#


You could see a worker ant and a hobgoblin.

Vanquished Creatures
  A dart slug (D:1)
  3 bats (D:1)
  4 goblins
  5 hobgoblins
  3 kobolds (D:1)
  A frilled lizard (D:1)
  3 rats
20 creatures vanquished.

Notes
Turn   | Place    | Note
-------+----------+-------------------------------------------
     0 | Abyss:1  | Aviak the Tengu Abyssal Knight began the quest for the Orb.
     0 | Abyss:1  | Reached XP level 1. HP: 14/14 MP: 3/3
    57 | Abyss:1  | Noticed a large abomination
    58 | D:1      | Escaped the Abyss
   366 | D:1      | Reached * piety under Lugonu
   449 | D:1      | Reached XP level 2. HP: 17/19 MP: 4/4
  1136 | D:2      | Reached XP level 3. HP: 13/23 MP: 5/5
  1239 | D:2      | HP: 1/23 [worker ant (5)]
  1240 | D:2      | Succumbed to a worker ant's poison

Illustrated notes

Levels and vault maps discovered:
D:1:      minmay_arrival_widening_spiral_wide, layout_rooms
D:2:      layout_basic, old_standard_altar, nemelex_diamond_rough_becter,
          uniq_crazy_yiuf_cottage

Skill      XL: |  1  2 |
---------------+-------+-----
Dodging        | 2 |  2.0
Fighting       | |  3.4
Polearms       | |  2.8
Armour         | |  2.1
Invocations    | |  1.5

Action                   || total
-------------------------++-------
Melee: Spear             ||    74
       Kick              ||    14
       Peck              ||     2
Invok: Depart the Abyss  ||     1
  Use: Potion            ||     1
Armor: Leather armour    ||     5
       Ring mail         ||     7
Dodge: Dodged            ||    35
